 Dungeon Crawl Stone Soup version 0.31.0-32-g396128a36d (webtiles) character file.

Game seed: 14263959021776609161

2170 pewpewpew the Cleaver (level 9, -4/75 HPs)
             Began as a Minotaur Fighter on Mar 8, 2024.
             Was a Believer of Okawaru.
             Killed from afar by an electric eel (10 damage)
             ... with a bolt of electricity
             ... on level 6 of the Dungeon.
             The game lasted 00:14:27 (6882 turns).

pewpewpew the Cleaver (Minotaur Fighter)            Turns: 6882, Time: 00:14:27

Health: -4/75      AC: 13    Str: 26    XL:     9   Next: 11%
Magic:  8/8        EV:  7    Int:  5    God:    Okawaru [**....]
Gold:   456        SH:  6    Dex:  9    Spells: 8/8 levels left

rFire   . . .        k - +0 hand axe (venom)
rCold   . . .        c - +1 buckler
rNeg    . . .        I - +0 plate armour
rPois   .            (helmet restricted)
rElec   .            (no cloak)
rCorr   .            (no gloves)
SInv    .            (no boots)
Will    .....        (no amulet) Stlth
                     (no ring)
HPRegen 0.32/turn    (no ring)
MPRegen 0.11/turn

%: no passive effects
@: no status effects
A: horns 2, retaliatory headbutt
a: Renounce Religion, Heroism


You were on level 6 of the Dungeon.
You worshipped Okawaru.
Okawaru was pleased with you.
You visited 1 branch of the dungeon, and saw 6 of its levels.
You also visited: Sewer and Ossuary.

You collected 456 gold pieces.

Inventory:

Hand Weapons
 a - a +0 war axe
 k - a +0 hand axe of venom (weapon)
Missiles
 j - 5 javelins (quivered)
 r - 6 atropa-tipped darts
Armour
 c - a +1 buckler (worn)
 p - the +1 plate armour of Tovypej {Harm Dex+2}
   (You found it on level 2 of the Dungeon)

   Dex+2:     It affects your dexterity (+2).
   Harm:      It increases damage dealt and taken.
 I - a +0 plate armour (worn)
Jewellery
 n - an amulet of faith
 t - a ring of fire
 G - a +6 ring of intelligence
 H - a +6 ring of dexterity
Wands
 q - a wand of flame (43)
 u - a wand of charming (21)
 F - a wand of light (4)
Scrolls
 b - a scroll of revelation
 g - 2 scrolls of enchant armour
 m - a scroll of blinking
 s - a scroll of vulnerability
 v - a scroll of immolation
 w - 2 scrolls of silence
 y - 2 scrolls of poison {unknown}
 B - a scroll of teleportation
 E - 5 scrolls of identify
 J - a scroll of fog {unknown}
 K - a scroll of amnesia {unknown}
 L - a scroll of torment {unknown}
Potions
 d - a potion of might
 e - 3 potions of enlightenment {unknown}
 f - a potion of attraction {unknown}
 h - 3 potions of curing {unknown}
 i - 2 potions of heal wounds
 l - a potion of cancellation {unknown}
 o - 3 potions of mutation {unknown}
 x - 3 potions of lignification {unknown}
 z - 2 potions of berserk rage {unknown}
 A - 4 potions of haste {unknown}
 C - a potion of resistance {unknown}
 D - 2 potions of invisibility {unknown}


   Skills:
 + Level 6.0 Fighting
 * Level 10.9 Axes
 + Level 8.1 Armour
 + Level 5.5 Shields
 * Level 0.3 Invocations


You had 8 spell levels left.
You didn't know any spells.
Your spell library contained the following spells:

 Spells                   Type           Power      Damage    Failure   Level
 Slow                     Hex            0%         N/A       100%        1
 Blink                    Tloc           0%         N/A       100%        2
 Cigotuvi's Dreadful Rot  Necr/Alch/Air  0%         N/A       100%        2
 Ensorcelled Hibernation  Hex/Ice        0%         N/A       100%        2
 Lesser Beckoning         Tloc           0%         N/A       100%        2
 Momentum Strike          Conj/Tloc      0%         3d8       100%        2
 Confusing Touch          Hex            0%         N/A       100%        3
 Passwall                 Erth           0%         N/A       100%        3
 Sigil of Binding         Hex            0%         N/A       100%        3
 Swiftness                Air            0%         N/A       100%        3
 Vampiric Draining        Necr           0%         2d6       100%        3
 Dispel Undead            Necr           0%         3d6       100%        4
 Martyr's Knell           Necr/Summ      Unusable   N/A       N/A         4
 Death Channel            Necr           Unusable   N/A       N/A         6

Dungeon Overview and Level Annotations

Branches:
Dungeon (6/15)             Temple (0/1) D:5           Sewer (visited)
Ossuary (visited)

Altars:
Elyvilon
Okawaru
Vehumet

Shops:
D:5 !

Annotations:
D:3 exclusion: statue
D:6 1 transporter


Innate Abilities, Weirdness & Mutations

You have a pair of horns on your head.
You reflexively headbutt those who attack you in melee.


Message History

The bolt of electricity hits the plant!
The plant begins to die.
There is an open door here.
You feel much better.
Aiming: Throw Flame
Press: ? - help, Q - select action, (/) - cycle Shift-Dir - straight line, f - plant
Aim: a plant (lightly damaged, withering away, 100% to hit)
The puff of flame hits the plant!
The plant is lightly damaged.
The plant is engulfed in a cloud of scalding steam.
The electric eel shoots out a bolt of lightning at you!
The bolt of electricity hits you! x2
* * * LOW HITPOINT WARNING * * *
You feel much better.
The plant is engulfed in a cloud of scalding steam.
A nearby plant withers and dies.
The electric eel shoots out a bolt of lightning at you!
The bolt of electricity hits you!
The electric eel shoots out a bolt of lightning at you!
The bolt of electricity hits you but does no damage.
The bolt of electricity hits you.
The bolt of electricity hits the plant!
Aiming: Throw Flame
Press: ? - help, Q - select action, (/) - cycle Shift-Dir - straight line, f - electric eel
Aim: an electric eel (48% to hit)
The puff of flame hits the electric eel.
The electric eel is moderately wounded.
The electric eel shoots out a bolt of lightning at you!
The bolt of electricity hits you! The bolt of electricity hits you.
* * * LOW HITPOINT WARNING * * *
The electric eel shoots out a bolt of lightning at you!
The bolt of electricity hits you!
* * * LOW HITPOINT WARNING * * *
The electric eel is engulfed in a cloud of scalding steam.
The electric eel shoots out a bolt of lightning at you!
The bolt of electricity hits you!
* * * LOW HITPOINT WARNING * * *
The bolt of electricity misses you.
The bolt of electricity hits the plant!
A nearby plant withers and dies.
The electric eel shoots out a bolt of lightning at you!
The bolt of electricity hits you!
You die...

#................................
..##......########.......########
...#...#### ###################
...#...# #.................#
...#...# #.###############.#
...#...# ##.#8~#SS~~~~~#P8#.##
...#...# ##..#..#..~~~~~#..#..##
####...# #..©#©.'..§⌠~~~+)©#©...
......## #...#.@#..S~~~~#..#..#.
#####.#####.#.#8P#~~~~~~~#P8#.###
##...##..#.###############.# #
#.......##.................# #
#.....###################### #
#.....#..........# #
#.....#..........# #
#................# #
#######..........# #####


You could see 3 electric eels.

Vanquished Creatures
  Sigmund (D:2)
  Eustachio (D:5)
  A water moccasin (D:5)
  A black bear (D:5)
  An ogre (D:5)
  A weeping skull (Ossuary)
  4 scorpions
  2 bullfrogs (Sewer)
  A howler monkey (D:6)
  3 centaur zombies (Ossuary)
  3 bombardier beetles
  A hound (D:6)
  3 orc priests
  A jelly (D:5)
  A gnoll bouda (D:5)
  3 iguanas
  Jessica (D:2)
  4 orc wizards
  Natasha (thrice) (D:2)
  3 scorpion zombies (Ossuary)
  An ogre zombie (Ossuary)
  4 gnolls (D:2)
  11 adders
  7 river rats
  A shadow imp (D:6)
  A white imp (D:5)
  3 adder zombies (Ossuary)
  3 ribbon worms
  4 dart slugs
  20 orcs
  5 bats
  8 endoplasms
  4 giant cockroaches
  3 gnoll zombies (Ossuary)
  2 goblins
  8 hobgoblins
  2 quokkas
  19 ball pythons
  4 frilled lizards
  A goblin zombie (Ossuary)
  4 hobgoblin zombies (Ossuary)
  6 kobolds
  3 orc zombies (Ossuary)
  20 rats
183 creatures vanquished.

Vanquished Creatures (others)
  An orc wizard (D:5)
1 creature vanquished.

Grand Total: 184 creatures vanquished

Notes
Turn   | Place    | Note
-------+----------+-------------------------------------------
     0 | D:1      | pewpewpew the Minotaur Fighter began the quest for the Orb.
     0 | D:1      | Reached XP level 1. HP: 19/19 MP: 0/0
   128 | D:1      | Reached XP level 2. HP: 27/27 MP: 1/1
   397 | D:1      | Found a faded altar of an unknown god.
   753 | D:2      | Reached skill level 3 in Axes
   786 | D:2      | Reached XP level 3. HP: 33/33 MP: 2/2
  1252 | D:2      | Noticed Natasha
  1258 | D:2      | Killed Natasha
  1259 | D:2      | Reached skill level 4 in Axes
  1259 | D:2      | Reached XP level 4. HP: 22/40 MP: 3/3
  1334 | D:2      | Identified the +1 plate armour of Tovypej {Harm Dex+2}
  1336 | D:2      | Noticed Jessica
  1353 | D:2      | Killed Jessica
  1444 | D:2      | Noticed Natasha
  1451 | D:2      | Killed Natasha
  1604 | D:2      | Reached XP level 5. HP: 29/46 MP: 4/4
  1607 | D:2      | Reached skill level 5 in Axes
  1735 | D:2      | Noticed Natasha
  1742 | D:2      | Killed Natasha
  1940 | D:2      | Noticed Sigmund
  1954 | D:2      | Killed Sigmund
  1955 | D:2      | Reached skill level 6 in Axes
  1955 | D:2      | Reached skill level 5 in Armour
  1955 | D:2      | Reached XP level 6. HP: 39/53 MP: 5/5
  2371 | D:3      | Found a radiant altar of Vehumet.
  2706 | D:3      | Found a glowing drain.
  2803 | Sewer    | Entered a sewer
  2837 | Sewer    | Reached XP level 7. HP: 59/60 MP: 6/6
  2882 | Sewer    | Reached skill level 7 in Axes
  3050 | Sewer    | Reached skill level 5 in Fighting
  3871 | D:4      | Found an iron altar of Okawaru.
  3881 | D:4      | Became a worshipper of Warmaster Okawaru
  3888 | D:4      | Reached skill level 8 in Axes
  4675 | D:5      | Entered Level 5 of the Dungeon
  4717 | D:5      | Found a white marble altar of Elyvilon.
  4844 | D:5      | Reached skill level 5 in Shields
  5055 | D:5      | Found a staircase to the Ecumenical Temple.
  5071 | D:5      | Reached XP level 8. HP: 11/68 MP: 7/7
  5259 | D:5      | Identified the +8 rapier of the Bear {heavy, Str+4 Dex+2}
  5309 | D:5      | Noticed Eustachio
  5335 | D:5      | Killed Eustachio
  5335 | D:5      | Reached * piety under Okawaru
  5336 | D:5      | Reached skill level 9 in Axes
  5520 | D:5      | Found Metz's Distillery.
  5743 | D:6      | Found a sand-covered staircase.
  5751 | Ossuary  | Entered an ossuary
  5847 | Ossuary  | Reached skill level 10 in Axes
  5922 | Ossuary  | Reached ** piety under Okawaru
  6023 | Ossuary  | Noticed a silent spectre
  6101 | D:6      | Found a transporter.
  6117 | D:6      | Found a transporter.
  6375 | D:6      | Reached XP level 9. HP: 74/75 MP: 8/8
  6882 | D:6      | Killed from afar by an electric eel

Illustrated notes

Levels and vault maps discovered:
D:1:      dpeg_arrival_pond, layout_basic,
          hellmonk_ecumenical_altar_heavens_door
D:2:      layout_basic, uniq_natasha, uniq_jessica, uniq_sigmund
D:3:      layout_basic, vehumet_statue, portal_sewer_entry_b,
          skrybe_limestone_x, minmay_gold_behind_fungi, roderic_roman_lattice
D:4:      layout_layer_cave, okawaru_ov_weapons_minmay
D:5:      layout_loops_ring, mainiacjoe_overflow_catwalk,
          minmay_temple_entry_offerings, kennysheep_windowed_goal,
          uniq_eustachio
D:6:      gammafunk_steamed_eel, layout_basic, chequers_ossuary_entry_cave

Skill      XL: |  1  2  3  4  5  6  7  8  9 |
---------------+----------------------------+-----
Armour         | 4 5 6 8 |  8.1
Fighting       | 4 5 6 |  6.0
Axes           | 3 4 6 8 10 | 10.9
Shields        | 4 5 |  5.5
Invocations    | |  0.3

Action                     |  1- 3 |  4- 6 |  7- 9 || total
---------------------------+-------+-------+-------++-------
  Melee: War axe           |    42 |       |       ||    42
         Hand axe          |    37 |   129 |   292 ||   458
         Headbutt          |    11 |    15 |    73 ||    99
  Throw: Javelin           |       |       |     1 ||     1
  Evoke: Wand              |       |       |     2 ||     2
    Use: Scroll            |       |       |     8 ||     8
         Potion            |       |       |     2 ||     2
 Armour: Scale mail        |    45 |   103 |    58 ||   206
         Plate armour      |       |       |   128 ||   128
  Dodge: Dodged            |    41 |    64 |    78 ||   183
  Block: Buckler           |    14 |    31 |    55 ||   100
